 Dungeon Crawl Stone Soup version 0.30-a0-728-gc68057be0a (webtiles) character file.

Game seed: 4426914382728736859

91 Arximoufas the Conjurer (level 4, 33/33 HPs)
             Began as a Draconian Conjurer on Jan 30, 2023.
             Quit the game on level 3 of the Dungeon.
             The game lasted 00:06:18 (2834 turns).

Arximoufas the Conjurer (Draconian Conjurer)        Turns: 2834, Time: 00:06:19

Health: 33/33      AC:  6    Str: 10    XL:     4   Next: 34%
Magic:  8/8        EV: 27    Int: 20    God:
Gold:   85         SH:  0    Dex:  9    Spells: 7/8 levels left

rFire   . . .      SeeInvis .    h - +1 dagger (venom)
rCold   . . .      Faith    .    (no shield)
rNeg    . . .      Spirit   .    (body armour unavailable)
rPois   .          Reflect  .    (helmet restricted)
rElec   .          Harm     .    (no cloak)
rCorr   .          Rampage  .    (no gloves)
Will    .....                    c - +0 pair of boots
Stlth   +                        n - amulet of the acrobat
HPRegen 0.25/turn                (no ring)
MPRegen 0.11/turn                (no ring)

@: acrobatic, very slow
A: AC +5, unfitting armour, cold-blooded
a: no special abilities


You were on level 3 of the Dungeon.
You visited 1 branch of the dungeon, and saw 3 of its levels.

You collected 85 gold pieces.

Inventory:

Hand Weapons
 a - a +0 whip of holy wrath
 h - a +1 dagger of venom (weapon)
Missiles
 g - 8 poisoned darts
Armour
 c - a +0 pair of boots (worn)
Jewellery
 n - an amulet of the acrobat (around neck)
Scrolls
 d - a scroll of vulnerability {unknown}
 e - 3 scrolls of teleportation {unknown}
 f - a scroll of amnesia {unknown}
 i - a scroll of enchant armour {unknown}
 k - 2 scrolls of magic mapping {unknown}
 l - 5 scrolls of identify {unknown}
 o - a scroll of torment {unknown}
 p - a scroll of brand weapon {unknown}
Potions
 b - a potion of attraction
 j - a potion of degeneration {unknown}
 m - a potion of mutation {unknown}
 q - a potion of lignification {unknown}
 r - a potion of cancellation


   Skills:
 - Level 1.7 Dodging
 + Level 3.0 Stealth
 + Level 2.9 Spellcasting
 + Level 4.7 Conjurations


You had 7 spell levels left.
You knew the following spells:

 Your Spells              Type           Power      Damage    Failure   Level
a - Magic Dart            Conj           84%        1d7       1%          1

Your spell library contained the following spells:

 Spells                   Type           Power      Damage    Failure   Level
 Searing Ray              Conj           42%        2d6       3%          2
 Kiss of Death            Conj/Necr      48%        2d9       5%          1
 Summon Small Mammal      Summ           8%         N/A       14%         1
 Dazzling Flash           Conj/Hex       24%        N/A       16%         3
 Confusing Touch          Hex            2%         N/A       41%         3
 Fulminant Prism          Conj/Hex       6%         3d6       47%         4
 Iskenderun's Mystic Bla  Conj/Tloc      12%        2d5       47%         4
 Dispel Undead            Necr           2%         3d7       82%         4


Dungeon Overview and Level Annotations

Branches:
Dungeon (3/15)

Altars:


Innate Abilities, Weirdness & Mutations

Your plain brown scales are hard. (AC +5)
You cannot fit into any form of body armour.
You are cold-blooded and may be slowed by cold attacks.


Message History

The magic dart hits the dart slug.
The dart slug is almost dead.
Aiming: Magic Dart (safe; 1% risk of failure)
Press: ? - help, Q - select action, (/) - cycle Shift-Dir - straight line, f/p - dart slug
Aim: a dart slug (almost dead, 100% to hit)
The magic dart hits the dart slug.
You kill the dart slug!
There is a stone staircase leading down here.
r - a potion of cancellation
There is a stone staircase leading down here.
An orc comes into view. It is wielding a +0 flail.
Aiming: Magic Dart (safe; 1% risk of failure)
Press: ? - help, Q - select action, (/) - cycle Shift-Dir - straight line, f - orc
Aim: an orc, wielding a +0 flail (asleep, 100% to hit)
The magic dart hits the orc!
You kill the orc!
Your Stealth skill increases to level 3!
There is a stone staircase leading up here.
You enter the shallow water.
Moving in this stuff is going to be slow.
You enter the shallow water.
Moving in this stuff is going to be slow.
You enter the shallow water.
Moving in this stuff is going to be slow.
You enter the shallow water.
Moving in this stuff is going to be slow.
There is a stone staircase leading up here.
There is a stone staircase leading up here.
You see here a +0 chain mail.
You enter the shallow water.
Moving in this stuff is going to be slow.
You enter the shallow water.
Moving in this stuff is going to be slow.
You enter the shallow water.
Moving in this stuff is going to be slow.
Partly explored, can't reach some places.
Partly explored, can't reach some places.
Partly explored, can't reach some places.
Partly explored, can't reach some places.
Are you sure you want to abandon this character and quit the game? (Confirm with "yes".)

.# ####[##.~~~~~.##
.###
#........~~~≈.#
...#
#.##.#)#.≈~~)~#
...#
#.##.#.#~~≈~..#
...#
#.#..#.#.~~≈.##
...#
#.#.##.#.≈≈~≈≈##
...#
#.#.##.#~≈≈≈≈≈≈##
####
#.....>#..~≈≈≈≈≈#≈#
####.####.~@≈≈≈≈≈≈#
#########.#
###########
.......##.#
.......##.#
.......##.#
.......##.#
.)........#
.......####
.......#


There were no monsters in sight!

Vanquished Creatures
  2 adders (D:2)
  3 dart slugs
  2 orcs
  4 bats (D:2)
  9 endoplasms
  3 giant cockroaches
  5 hobgoblins
  2 jackals (D:3)
  5 kobolds
  A quokka (D:2)
  9 ball pythons
  6 frilled lizards
  6 goblins
  4 rats
61 creatures vanquished.

Vanquished Creatures (others)
  A fungus (D:1)
1 creature vanquished.

Grand Total: 62 creatures vanquished

Notes
Turn   | Place    | Note
-------+----------+-------------------------------------------
     0 | D:1      | Arximoufas the Draconian Conjurer began the quest for the
                  | Orb.
     0 | D:1      | Reached XP level 1. HP: 14/14 MP: 3/3
    87 | D:1      | Found a faded altar of an unknown god.
    95 | D:1      | Got Plato's Encyclopedia of Creation
   184 | D:1      | Reached XP level 2. HP: 20/20 MP: 0/5
   823 | D:1      | Reached XP level 3. HP: 23/26 MP: 2/6
  1625 | D:2      | Reached XP level 4. HP: 33/33 MP: 4/8
  2834 | D:3      | Quit the game

Illustrated notes

Levels and vault maps discovered:
D:1:      dpeg_arrival_lava_altar, layout_loops_ring,
          shapermc_ecumenical_altar_rom_forum, minmay_crystal_water
D:2:      layout_rooms, serial_curves, eino_curves_04, eino_curves_01
D:3:      layout_loops_cross, serial_rivers, chequers_serial_rivers_micro_a,
          chequers_serial_rivers_micro_b, chequers_serial_rivers_large_a,
          chequers_serial_rivers_marsh, chequers_serial_rivers_micro_b,
          chequers_serial_rivers_micro_d

Skill      XL: |  1  2  3  4 |
---------------+-------------+-----
Stealth        | 2 3 |  3.0
Dodging        | |  1.7
Spellcasting   | |  2.9
Conjurations   | |  4.7

Action                     |  1- 3 |  4- 6 || total
---------------------------+-------+-------++-------
  Melee: Unarmed           |    60 |       ||    60
         Tailslap          |    13 |       ||    13
   Cast: Magic Dart        |    83 |    28 ||   111
    Use: Potion            |     4 |       ||     4
 Armour: Skin              |    22 |     1 ||    23
  Dodge: Dodged            |    40 |       ||    40

Table legend: (Time is in decaauts)
 A = Elapsed time spent in this place.
 B = Non-inter-level travel time spent in this place.
 C = Inter-level travel time spent in this place.
 D = Time resting spent in this place.
 E = Time spent auto-exploring this place.
 F = Levels seen in this place.
 G = Mean time per level.
                   A        B        C        D        E       F      G
               +--------+--------+--------+--------+--------+-----+--------+
         Total |   2853 |   2723 |    130 |     40 |   2333 |   3 |  951.0 |
       Dungeon |   2853 |   2723 |    130 |     40 |   2333 |   3 |  951.0 |
               +--------+--------+--------+--------+--------+-----+--------+

Top non-repeatable levels by time:
     D:1: 1240 daAuts
     D:3: 847 daAuts
     D:2: 766 daAuts
